 Dungeon Crawl Stone Soup version 0.27.0-1-g7a08968 (webtiles) character file.

Game seed: 14644071187662287728

408 NeededCrab the Cudgeller (level 6, -2/49 HPs)
             Began as a Demonspawn Chaos Knight on Oct 14, 2021.
             Was a Plaything of Xom.
             Slain by a gnoll (8 damage)
             ... on level 4 of the Dungeon.
             The game lasted 00:11:42 (3784 turns).

NeededCrab the Cudgeller (Demonspawn Chaos Knight)  Turns: 3784, Time: 00:11:43

Health: -2/49      AC: 13    Str: 16    XL:     6   Next: 57%
Magic:  6/6        EV:  9    Int: 15    God:    Xom [.....*]
Gold:   142        SH:  0    Dex: 13    Spells: 4/5 levels left

rFire    + . .     SeeInvis +   p - +0 flail
rCold    . . .     Faith    .   (no shield)
rNeg     . . .     Spirit   .   r - +4 scale mail
rPois    +         Reflect  .   (helmet restricted)
rElec    +         Harm     .   c - +0 cloak
rCorr    .         Rampage  .   (no gloves)
Will     .....                  (no boots)
Stlth    ..........             (no amulet)
HPRegen  0.16/turn              (no ring)
MPRegen  0.10/turn              (no ring)

@: no status effects
A: antennae 1, foul stench 1, big brain 1, see invisible, fire resistance 1,
poison resistance, shaggy fur 1, electricity resistance, strong 1, MP-powered
wands
a: Renounce Religion


You were on level 4 of the Dungeon.
You worshipped Xom.
You were Xom's teddy bear.
You visited 1 branch of the dungeon, and saw 4 of its levels.

You collected 172 gold pieces.
You spent 30 gold pieces at shops.

Inventory:

Hand Weapons
 p - a +0 flail (weapon)
Missiles
 q - 2 throwing nets (quivered)
Armour
 b - a +0 tower shield
 c - a +0 cloak (worn)
 r - a +4 scale mail (worn)
Magical Staves
 l - a staff of earth
Wands
 k - a wand of mindburst (14)
 n - a wand of polymorph (8)
 s - a wand of paralysis (6)
Scrolls
 d - a scroll of vulnerability {unknown}
 f - a scroll of summoning {unknown}
 g - 5 scrolls of identify {unknown}
 h - 2 scrolls of amnesia {unknown}
 m - a scroll of teleportation {unknown}
 o - a scroll of brand weapon {unknown}
Potions
 a - a potion of flight {unknown}
 e - a potion of magic {unknown}
 i - a potion of haste {unknown}
 j - 3 potions of lignification {unknown}
 t - a potion of ambrosia {unknown}


   Skills:
 + Level 4.4 Fighting
 * Level 5.1 Maces & Flails
 + Level 3.4 Armour
 - Level 0.8 Dodging
 + Level 0.5 Evocations


You had 4 spell levels left.
You knew the following spells:

 Your Spells              Type           Power      Damage    Failure   Level
a - Foxfire               Conj/Fire      0%         2x1d4     67%         1

Your spell library contained the following spells:

 Spells                   Type           Power      Damage    Failure   Level
 Conjure Flame            Conj/Fire      0%         6-21      95%         3
 Inner Flame              Hex/Fire       0%         N/A       95%         3


Dungeon Overview and Level Annotations

Branches:
Dungeon (4/15)
 Temple: D:4-7

Altars:
Trog

Shops:
D:3 *(*


Innate Abilities, Weirdness & Mutations

You have a pair of small antennae on your head.
You may rarely emit foul miasma when damaged in melee.
You have an unusually large brain. (Int +2)
You have supernaturally acute eyesight. (SInv)
Your flesh is heat resistant. (rF+)
Your system is resistant to poisons. (rPois)
You are covered in fur. (AC +1)
You are resistant to electric shocks. (rElec)
Your muscles are strong. (Str +2)
You expend magic power (3 MP) to strengthen your wands.


Message History

"This is how I like it!"
You swap places with the gnoll sergeant.
The gnoll sergeant looks rather confused.
Some monsters swap places.
You are now Xom's teddy bear.
The gnoll hits you with a +0 whip. The gnoll closely misses you.
You sock the gnoll!
The gnoll is severely wounded.
The gnoll sergeant seems less confused.
The gnoll hits you but does no damage.
The gnoll sergeant hits you from afar with a +0 trident.
The gnoll hits you with a +0 spear.
You hit the gnoll.
You kill the gnoll!
The gnoll closely misses you.
The gnoll sergeant hits you but does no damage.
Number of times to repeat, then command key: You must enter the number of times for the command to repeat.
You closely miss the gnoll. The gnoll closely misses you.
The gnoll sergeant hits you from afar with a +0 trident.
You closely miss the gnoll. The gnoll hits you but does no damage.
The gnoll sergeant hits you from afar with a +0 trident.
The gnoll hits you with a +0 whip. The gnoll sergeant closely misses you.
You barely miss the gnoll. The gnoll hits you with a +0 whip.
You emit a cloud of foul miasma!
The gnoll sergeant hits you from afar with a +0 trident!
You hit the gnoll but do no damage.
The gnoll is engulfed in dark miasma.
The gnoll is poisoned.
The gnoll hits you with a +0 whip.
* * * LOW HITPOINT WARNING * * *
The gnoll sergeant hits you but does no damage.
The gnoll is engulfed in dark miasma.
The gnoll looks even sicker.
Things that are here:
a +0 spear; a gnoll corpse You hit the gnoll but do no damage.
The gnoll is heavily wounded.
The gnoll hits you with a +0 whip!
* * * LOW HITPOINT WARNING * * *
Your scale mail prevents you from hitting the gnoll.
The gnoll is severely wounded.
The gnoll hits you with a +0 whip!
You die...

#...#####.########
##.........###### #
#.[.............#
###.###########.###
#...#### #....
##.#....### #....
#. #...........
##...
#..#..######.##
##.. #....@g## .##


♣PPP ######..###g..# ♣♣♣P ##.).g...# ♣. #####...# ♣♣ ..# .# # You could see 2
gnolls.

Vanquished Creatures
  Grinder (D:3)
  A howler monkey (D:3)
  Jessica (D:2)
  An orc wizard (D:3)
  4 gnolls (D:4)
  A howler monkey skeleton (D:3)
  2 dart slugs
  6 orcs
  2 ball pythons (D:4)
  3 bats
  2 endoplasms
  6 giant cockroaches
  4 goblins (D:1)
  6 hobgoblins
  11 jackals
  2 kobolds
  2 quokkas
  3 frilled lizards
  2 rats (D:2)
60 creatures vanquished.

Vanquished Creatures (others)
  5 foxfires (D:2)
5 creatures vanquished.

Grand Total: 65 creatures vanquished

Notes
Turn   | Place    | Note
-------+----------+-------------------------------------------
     0 | D:1      | NeededCrab the Demonspawn Chaos Knight began the quest for
                  | the Orb.
     0 | D:1      | Reached XP level 1. HP: 18/18 MP: 1/1
    90 | D:1      | You fall into a shaft and drop 1 floor!
   405 | D:2      | Reached skill level 3 in Maces & Flails
   482 | D:1      | Gained mutation: You have a pair of small antennae on your
                  | head. [demonic ancestry]
   482 | D:1      | Reached XP level 2. HP: 23/24 MP: 2/2
   514 | D:1      | XOM: silly message
   698 | D:1      | XOM: summons 1 hostile shadow creature
   699 | D:1      | XOM: 5-stop teleportation journey
   759 | D:1      | XOM: divination: detect items
   794 | D:1      | XOM: noise
  1241 | D:2      | Gained mutation: You may rarely emit foul miasma when
                  | damaged in melee. [demonic ancestry]
  1241 | D:2      | Reached XP level 3. HP: 29/29 MP: 3/3
  1243 | D:2      | Learned a level 1 spell: Foxfire
  1533 | D:2      | XOM: noise
  1563 | D:2      | XOM: divination: detect items
  1662 | D:2      | Noticed Jessica
  1671 | D:2      | XOM: silly message
  1673 | D:2      | XOM: enchant monster (good)
  1681 | D:2      | Killed Jessica
  1744 | D:2      | XOM: give mutations
  1744 | D:2      | Gained mutation: Your flesh is heat resistant. (rF+) [Xom's
                  | grace]
  1744 | D:2      | Gained mutation: Your system is resistant to poisons.
                  | (rPois) [Xom's grace]
  1744 | D:2      | Gained mutation: You are covered in fur. (AC +1) [Xom's
                  | grace]
  2068 | D:2      | XOM: give mutations
  2068 | D:2      | Gained mutation: You expend magic power (3 MP) to
                  | strengthen your wands. [Xom's grace]
  2068 | D:2      | Gained mutation: You have supernaturally acute eyesight.
                  | (SInv) [Xom's grace]
  2068 | D:2      | Gained mutation: You are resistant to electric shocks.
                  | (rElec) [Xom's grace]
  2068 | D:2      | Gained mutation: Your muscles are strong. (Str +2) [Xom's
                  | grace]
  2424 | D:3      | Found Woit Saf's General Store.
  2431 | D:3      | Bought a +0 mace for 30 gold pieces
  2495 | D:3      | Found Orivaghy's Antique Weapon Emporium.
  2531 | D:3      | XOM: confuse monster(s)
  2540 | D:3      | Reached skill level 4 in Maces & Flails
  2540 | D:3      | Reached XP level 4. HP: 28/37 MP: 4/4
  2670 | D:3      | Found a bloodstained altar of Trog.
  2723 | D:3      | Found Veusam's Assorted Antiques.
  2778 | D:3      | Noticed Grinder
  2795 | D:3      | XOM: confuse monster(s)
  2807 | D:3      | XOM: draining
  2823 | D:3      | Killed Grinder
  2824 | D:3      | Gained mutation: You have an unusually large brain. (Int
                  | +2) [demonic ancestry]
  2824 | D:3      | Reached XP level 5. HP: 20/42 MP: 5/5
  2824 | D:3      | Reached XP level 6. HP: 23/48 MP: 6/6
  2884 | D:3      | XOM: 3-stop teleportation journey
  3011 | D:3      | Reached skill level 5 in Maces & Flails
  3095 | D:3      | XOM: divination: detect items
  3556 | D:4      | XOM: polymorph adder -> ball python
  3772 | D:4      | XOM: swap monsters
  3784 | D:4      | Slain by a gnoll

Illustrated notes

Levels and vault maps discovered:
D:1:      amcnicky_arrival_single_pillar, layout_basic,
          minmay_misc_feat_ornament, minmay_tripent
D:2:      layout_basic, minmay_misc_feat_hallway, uniq_jessica
D:3:      layout_loops_cross, mainiacjoe_overflow_small_starburst, serial_shops,
          shop, nicolae_shop_crystal, nicolae_shop_stone, uniq_grinder
D:4:      layout_rooms, grunt_decor_arrowhead, grunt_decor_resistance,
          uniq_crazy_yiuf_cottage

Skill      XL: |  1  2  3  4  5  6 |
---------------+-------------------+-----
Maces & Flails | 3 4 5 |  5.1
Armour         | 2 3 |  3.4
Fighting       | 4 |  4.4
Dodging        | |  0.8
Evocations     | |  0.5

Action                   |  1- 3 |  4- 6 || total
-------------------------+-------+-------++-------
Melee: Mace              |   108 |    54 ||   162
       Flail             |       |    59 ||    59
 Cast: Foxfire           |     5 |       ||     5
 Stab: Sleeping          |     1 |       ||     1
       Paralysed         |     8 |       ||     8
       Confused          |     1 |     5 ||     6
Armor: Leather armour    |    22 |       ||    22
       Ring mail         |    31 |    19 ||    50
       Scale mail        |       |    31 ||    31
Dodge: Dodged            |    67 |    40 ||   107
